[Event "5th Schach960-Festival 2024"]
[Site "Berlin"]
[Date "2024.02.10"]
[Round "5.5"]
[White "Orlov, Andrey"]
[Black "Stopa, Jacek"]
[Result "1-0"]
[WhiteElo "2487"]
[BlackElo "2344"]
[Annotator "TA"]
[PlyCount "13"]
[EventDate "2024.02.08"]
[EventCountry "GER"]
[SourceTitle "playchess.com"]
[Source "ChessBase"]
[SourceQuality "1"]
[TimeControl "1500+30"]

1. Nc3 b5 2. g3 c6 3. b3 g6 4. e4 e6 5. d4 a5 {[%emt 0:00:46] [#]} 6. Nxb5 $2 {[%emt 0:03:33][%mdl 8192] White is more active.} h6 $2 {[%emt 0:00:00] [#]} ({Black should play} 6... cxb5 $19 7. Bxb5 Bb4+ 8. Bd2 Qb6 9. Bxb4 axb4 (9... Qxb5 10. Ba3 $17)) 7. Nd6+ $2 {[%emt 0:00:40][%mdl 40960] Weighted Error Value: White=1.87/Black=2.13.  Loses game:     	White=2     	---        Missed win:     	---       	Black=1     . Loss on time!?} 1-0

[Event "5th Schach960-Festival 2024"]
[Site "Berlin"]
[Date "2024.02.10"]
[Round "5.6"]
[White "Zatonskih, Anna"]
[Black "Shchekachev, Andrei"]
[Result "0-1"]
[WhiteElo "2347"]
[BlackElo "2506"]
[Annotator "TA"]
[PlyCount "15"]
[EventDate "2024.02.08"]
[EventCountry "GER"]
[SourceTitle "playchess.com"]
[Source "ChessBase"]
[SourceQuality "1"]
[TimeControl "1500+30"]

1. Nc3 g6 2. g3 c6 3. f4 d5 4. e4 dxe4 5. Nf3 b6 $2 {[%emt 0:04:27] [#]} (5... exf3 $19 6. Qxf3 Bg7) 6. d3 $2 a5 $2 (6... exf3 $19 7. Qxf3 Bg7) 7. f5 $2 (7. dxe4 $14 {keeps the upper hand.} Qxd1+ 8. Nxd1) 7... a4 $2 ({Weaker is} 7... Bxf5 8. Nxe4 Bg7 9. Qe2 $17) (7... gxf5 8. Nh4 $17) (7... exf3 $19 8. fxg6 f2+ (8... fxg6 $2 9. Qxf3 Nf6 10. Bg2 $19) 9. Kxf2 hxg6 (9... fxg6 $2 10. Bg2 $19)) 8. Kd2 $2 {[%emt 0:00:00][%mdl 8192] Weighted Error Value: White=3.94/Black=4.00.  Loses game:     	White=2     	---        Missed win:     	---       	Black=2} 0-1

[Event "5th Schach960-Festival 2024"]
[Site "Berlin"]
[Date "2024.02.10"]
[Round "5.7"]
[White "Kracht, Raphael"]
[Black "Dgebuadze, Alexandre"]
[Result "0-1"]
[ECO "A10"]
[WhiteElo "2144"]
[BlackElo "2441"]
[Annotator "TA"]
[PlyCount "24"]
[EventDate "2024.02.08"]
[EventCountry "GER"]
[SourceTitle "playchess.com"]
[Source "ChessBase"]
[SourceQuality "1"]
[TimeControl "1500+30"]

1. c4 Nc6 2. b4 g6 3. Nc3 Nd4 4. e3 Ne6 5. c5 f5 (5... a5 $11 {keeps the balance.}) 6. d3 (6. Qb3 $16) 6... Nf6 7. g3 (7. d4 $14) 7... b6 8. cxb6 {[%emt 0:01:39] The position is equal.} axb6 9. Ke2 $2 {[%emt 0:00:15] [#]} (9. Bg2 $11 c6 10. Qb3) 9... Ng5 {[%emt 0:00:00] Black is more active.} ({Better is} 9... Bb7 $17 10. Nf3 Nd5) 10. a4 (10. Bg2 $15 c6 11. a4) 10... Kf7 $2 (10... Bb7 $19 11. f3 e5) 11. a5 $2 (11. Bg2 $16 {and life is bright.} c6 12. h4) 11... bxa5 (11... Bb7 $17 12. Qb3+ Ne6) 12. bxa5 c6 {[%emt 0:20:12][%mdl 32768] Weighted Error Value: White=1.23/Black=1.05.  Missed win:     	---       	Black=1      Mistake:       	White=4     	Black=2      Inaccurate:     	---       	Black=3     . Loss on time!?} 0-1

[Event "5th Schach960-Festival 2024"]
[Site "Berlin"]
[Date "2024.02.10"]
[Round "5.8"]
[White "Fromm, Marius"]
[Black "Zenker, Ulrich"]
[Result "1/2-1/2"]
[WhiteElo "2435"]
[BlackElo "2115"]
[Annotator "TA"]
[PlyCount "14"]
[EventDate "2024.02.08"]
[EventCountry "GER"]
[SourceTitle "playchess.com"]
[Source "ChessBase"]
[SourceQuality "1"]
[TimeControl "1500+30"]

1. g3 f5 2. b3 f4 3. Nc3 Nf6 4. a4 Nd5 5. Ne4 Kf7 (5... e5 $16 {is a better defense.}) 6. g4 $2 {[%emt 0:06:44] [#]} ({White should try} 6. gxf4 $18 {Bb2 would now be deadly.} Nf6 7. Ng3) 6... a5 (6... e5 $14) 7. c3 ({White should play} 7. e3 $16) 7... Rg8 {[%emt 0:02:07] Weighted Error Value: White=1.38/Black=1.15.  Mistake:       	White=1     	Black=2} (7... Nf6 $14) 1/2-1/2

[Event "5th Schach960-Festival 2024"]
[Site "Berlin"]
[Date "2024.02.10"]
[Round "5.10"]
[White "Loew, Gerald"]
[Black "Garbuz, Vitaliy"]
[Result "1-0"]
[ECO "A00"]
[WhiteElo "2167"]
[BlackElo "2158"]
[Annotator "NA RC"]
[PlyCount "24"]
[EventDate "2024.02.08"]
[EventCountry "GER"]
[SourceTitle "playchess.com"]
[Source "ChessBase"]
[SourceQuality "1"]
[TimeControl "1500+30"]

1. b4 g6 2. g3 e5 3. f4 exf4 4. gxf4 f5 5. Nc3 Ne7 6. b5 b6 7. a4 a6 8. Ra3 c6 9. bxc6 Nd5 10. Nxd5 Kf7 11. Rf3 Rg8 12. Rg3 Rg7 1-0

[Event "5th Schach960-Festival 2024"]
[Site "Berlin"]
[Date "2024.02.10"]
[Round "6.2"]
[White "Shchekachev, Andrei"]
[Black "Azarov, Sergei"]
[Result "0-1"]
[ECO "A00"]
[WhiteElo "2506"]
[BlackElo "2596"]
[Annotator "TA"]
[PlyCount "32"]
[EventDate "2024.02.08"]
[EventType "swiss"]
[EventCountry "GER"]
[SourceTitle "playchess.com"]
[Source "ChessBase"]
[SourceQuality "1"]
[TimeControl "1500+30"]

1. g3 e5 2. f4 f6 3. Bg2 Nc6 4. Nc3 Bc5 5. d4 {[%emt 0:03:10] [#]} d6 $2 6. Nd5 $2 {[%emt 0:01:39] [#] Repels Nge7} (6. dxc5 $18 Nge7 7. b3) 6... Nge7 $2 {[%emt 0:02:41][%mdl 8192] [#]} 7. Nb6 $4 axb6 $2 (7... Bxb6 8. d5 Nb8) 8. d5 $2 (8. dxc5 {is more resistant.} bxc5 9. e4) 8... Nb8 $19 9. e4 Nd7 10. f5 g6 11. g4 h5 12. h3 g5 (12... hxg4 $142 13. fxg6 Nxg6 14. Qxg4 Ndf8) 13. Rh2 $2 (13. gxh5 Bxg1 14. Rxg1) 13... c6 {[%emt 0:00:00] Black is clearly winning.} 14. Bf3 Nxd5 15. c4 (15. exd5 $142 hxg4 (15... Bxg1 $2 16. Rg2 $19) 16. Bxg4 Bxg1 17. Rd2) 15... Nf4 16. Rg2 d5 {[%emt 0:06:58] Black took control after the opening.   Weighted Error Value: White=2.63/Black=2.02.  Loses game:     	---       	Black=1      Missed win:     	White=1     	---        Mistake:       	White=3     	Black=2      Inaccurate:     	White=2     	---        OK:         	---       	Black=2} 0-1

[Event "5th Schach960-Festival 2024"]
[Site "Berlin"]
[Date "2024.02.10"]
[Round "6.3"]
[White "Dgebuadze, Alexandre"]
[Black "Fromm, Marius"]
[Result "0-1"]
[ECO "A00"]
[WhiteElo "2441"]
[BlackElo "2435"]
[Annotator "TA"]
[PlyCount "27"]
[EventDate "2024.02.08"]
[EventType "swiss"]
[EventCountry "GER"]
[SourceTitle "playchess.com"]
[Source "ChessBase"]
[SourceQuality "1"]
[TimeControl "1500+30"]

1. g4 e5 2. Nc3 a5 3. a3 c6 4. e3 d5 5. d3 f6 ({Black should play} 5... Be7 $17) 6. b4 $2 axb4 $19 7. axb4 {[%emt 0:00:41] [#]} (7. Nb1) 7... b5 $4 {[%emt 0:00:38][%mdl 8192] [#]} 8. f4 $4 {[%emt 0:02:01][%mdl 8192] [#]} Bd6 $4 9. fxe5 $4 (9. Rxa8 $18 {[%cal Og4g5] is the narrow road to win. Black must now prevent g5!} Ne7 10. Bh3) 9... fxe5 $4 {[%emt 0:00:42][%mdl 8192] [#]} (9... Rxa1 $19 10. exd6 Qxd6) 10. h3 $4 {[%emt 0:00:26][%mdl 8192] [#]} Kd7 $4 {[%emt 0:01:27][%mdl 8192] [#]} 11. d4 $4 {[%emt 0:01:14][%mdl 8192] [#]} e4 $4 12. Rxa8 $18 Ke7 13. g5 h5 14. g6 {[%emt 0:00:00][%mdl 32768] Weighted Error Value: White=2.83/Black=2.24.  Missed win:     	White=4     	Black=2      Mistake:       	White=1     	---        Best:        	White=1     	Black=1     . Loss on time!?} 0-1

[Event "5th Schach960-Festival 2024"]
[Site "Berlin"]
[Date "2024.02.10"]
[Round "6.4"]
[White "Fridman, Daniel"]
[Black "Glek, Igor"]
[Result "1/2-1/2"]
[WhiteElo "2588"]
[BlackElo "2423"]
[Annotator "TA"]
[PlyCount "19"]
[EventDate "2024.02.08"]
[EventType "swiss"]
[EventCountry "GER"]
[SourceTitle "playchess.com"]
[Source "ChessBase"]
[SourceQuality "1"]
[TimeControl "1500+30"]

1. g3 g6 2. Bg2 Bg7 3. d3 d6 4. Bh6 f5 5. b4 b5 $4 (5... Bxa1 $19 6. Bc1 Bg7) 6. Bc6+ $2 (6. Bxg7 c6 7. a4 (7. Bxh8 e5 $18)) 6... Nd7 $2 (6... Nxc6 7. Bxg7 Bb7 8. Bxh8 e5) 7. Bg2 $4 {[%emt 0:05:48][%mdl 8192] [#]} (7. Bxg7 $18 Rb8 8. Bxh8) 7... Nb6 $4 8. c4 $4 (8. Bxg7 $18 {is the narrow road to win.} Rb8 9. Bxh8) 8... Nd7 $4 (8... Bxh6 $2 9. a4 $17) (8... Bxa1 $19 9. Be3 Bd7) 9. Nc3 $4 {[%emt 0:00:00][%mdl 8192] [#]} (9. Bxa8 Bxa1 10. Nd2 Bd4 $14) (9. Bxg7 $18 {was the only winning move.} Rb8 10. cxb5 (10. Bxh8 e5 $18)) 9... Nb6 {[%emt 0:00:33][%mdl 8192] [#]} 10. Nd5 $2 {[%emt 0:00:24] Black got outplayed after the opening.   Missed win:     	---       	Black=3      Mistake:       	---       	Black=1} 1/2-1/2

[Event "5th Schach960-Festival 2024"]
[Site "Berlin"]
[Date "2024.02.10"]
[Round "6.5"]
[White "Bluebaum, Matthias"]
[Black "Kunin, Vitaly"]
[Result "1/2-1/2"]
[WhiteElo "2655"]
[BlackElo "2521"]
[Annotator "TA"]
[PlyCount "19"]
[EventDate "2024.02.08"]
[EventType "swiss"]
[EventCountry "GER"]
[SourceTitle "playchess.com"]
[Source "ChessBase"]
[SourceQuality "1"]
[TimeControl "1500+30"]

1. e4 e5 2. Nc3 a6 3. a4 Bc5 4. b4 Bd4 5. f3 {[%emt 0:02:50] [#]} b5 $2 6. axb5 axb5 $2 (6... Nf6 $16 {is a better chance.}) 7. Rxa8 $18 {[%emt 0:00:00] White is clearly winning.} c6 8. Be2 Be3 (8... Bb7 $142 9. Ra3 Nf6) 9. d3 c5 10. Bd2 {[%emt 0:00:00][%mdl 32768] White took control after the opening.   Weighted Error Value: White=2.72/Black=2.85.  Loses game:     	---       	Black=1      Mistake:       	---       	Black=1      Inaccurate:     	White=1     	Black=2      Best:        	White=1     	---       . An unexpected result.} 1/2-1/2

[Event "5th Schach960-Festival 2024"]
[Site "Berlin"]
[Date "2024.02.10"]
[Round "6.6"]
[White "Player, Edmund C"]
[Black "Trent, Lawrence"]
[Result "0-1"]
[ECO "B00"]
[WhiteElo "2199"]
[BlackElo "2406"]
[Annotator "TA"]
[PlyCount "21"]
[EventDate "2024.02.08"]
[EventType "swiss"]
[EventCountry "GER"]
[SourceTitle "playchess.com"]
[Source "ChessBase"]
[SourceQuality "1"]
[TimeControl "1500+30"]

1. e4 b5 2. a4 a6 3. axb5 axb5 4. Ra2 c5 5. Ne2 {[%emt 0:02:33] [#]} g6 $4 {[%emt 0:02:44][%mdl 8192] [#]} 6. h4 $4 {[%emt 0:00:00][%mdl 8192] [#]} h5 $4 7. c4 $4 {[%emt 0:10:40][%mdl 8192] [#]} (7. Rxa8 $18 Bb7 8. Ra1) 7... f5 $4 8. g4 $4 (8. Rxa8 $18 Bb7 9. Ra7) 8... f4 $4 {[%emt 0:00:00][%mdl 8192] [#]} (8... Rxa2 $19 9. b4 cxb4 (9... fxe4 $2 10. Nec3 $19)) 9. b3 $4 bxc4 $4 (9... Rxa2 $19 {and all is fine.} 10. Nxf4 Qc7) 10. b4 $4 {[%emt 0:01:44][%mdl 8192] [#]} (10. Rxa8 $18 {was the only winning move.} Bb7 11. Bb2) 10... d5 $4 {[%emt 0:00:00][%mdl 8192] [#]} 11. Rg1 $4 {[%emt 0:00:00][%mdl 8192] Weighted Error Value: White=4.00/Black=4.00.  Missed win:     	White=4     	Black=5} 0-1

[Event "5th Schach960-Festival 2024"]
[Site "Berlin"]
[Date "2024.02.10"]
[Round "6.8"]
[White "Paulsen, Dirk"]
[Black "Kollars, Dmitrij"]
[Result "1-0"]
[ECO "C20"]
[WhiteElo "2293"]
[BlackElo "2632"]
[Annotator "TA"]
[PlyCount "21"]
[EventDate "2024.02.08"]
[EventType "swiss"]
[EventCountry "GER"]
[SourceTitle "playchess.com"]
[Source "ChessBase"]
[SourceQuality "1"]
[TimeControl "1500+30"]

1. e4 e5 2. c3 d6 3. b3 h5 4. d3 f5 5. Bd2 f4 {[%emt 0:00:00] [#]} (5... Qf6 $11) 6. Be3 $2 Qg5 $2 ({Black should play} 6... fxe3 $19 7. fxe3 Qg5) 7. f3 Rh7 $2 {[%emt 0:03:16] [#]} (7... fxe3 $19 8. Na3 Nf6) 8. Be2 $2 Nd7 {[%emt 0:00:00][%cal Og5g2] Threatens to win with ...Qxg2!} 9. Kd2 (9. Kf1 $142 fxe3 10. h4) 9... c6 (9... fxe3+ $142 10. Kc1 Qxg2) 10. Kc2 c5 $2 (10... Qxg2 $19 11. Nh3 fxe3 (11... Qxh3 $2 12. Bf2 $19)) 11. c4 $2 {[%emt 0:00:00][%mdl 40960] Black took control after the opening.   Weighted Error Value: White=3.55/Black=3.19.  Loses game:     	White=3     	---        Missed win:     	---       	Black=2      Mistake:       	White=1     	---        Inaccurate:     	White=1     	Black=1     . Loss on time!?} 1-0

[Event "5th Schach960-Festival 2024"]
[Site "Berlin"]
[Date "2024.02.10"]
[Round "6.9"]
[White "Van den Doel, Erik"]
[Black "Kracht, Raphael"]
[Result "1-0"]
[ECO "A00"]
[WhiteElo "2551"]
[BlackElo "2144"]
[Annotator "TA"]
[PlyCount "20"]
[EventDate "2024.02.08"]
[EventType "swiss"]
[EventCountry "GER"]
[SourceTitle "playchess.com"]
[Source "ChessBase"]
[SourceQuality "1"]
[TimeControl "1500+30"]

1. g3 g5 2. d3 d6 3. Bg2 Nc6 4. b4 Bg7 5. e3 g4 $2 (5... Bxa1 $19 6. d4 Qd7 (6... Nxb4 $2 7. c3 $19)) 6. d4 f5 (6... Nxb4 $15 7. Ne2 c5) 7. a4 ({White should try} 7. b5 $14 Na5 8. h3) 7... b5 $2 {[%emt 0:00:00][%mdl 8192] [#]} (7... Nxb4 $15 {stays ahead.} 8. a5 e5) 8. d5 $2 Nf6 $2 9. Qd3 $2 ({Less strong is} 9. axb5 Ne5 $16) (9. dxc6 $18 Ne4 10. Ra3) 9... Ne4 {[%emt 0:08:36] [#]} (9... Nxb4 $17 10. Qb3 a5 11. axb5 Nd7) 10. Qc3 Kf7 $2 {[%emt 0:00:00][%mdl 32768] Weighted Error Value: White=2.54/Black=2.76.  Loses game:     	White=1     	Black=2      Missed win:     	White=2     	Black=1      Mistake:       	White=1     	Black=2     . Sensor Board Error (Ke4/e5)?} (10... Bxc3+ $19 {has better winning chances.} 11. Nxc3 Nxb4 12. Bxe4 fxe4) 1-0

[Event "5th Schach960-Festival 2024"]
[Site "Berlin"]
[Date "2024.02.10"]
[Round "6.10"]
[White "Stopa, Jacek"]
[Black "Ahlberg, Matthias"]
[Result "1-0"]
[ECO "C23"]
[WhiteElo "2344"]
[BlackElo "2067"]
[Annotator "TA"]
[PlyCount "26"]
[EventDate "2024.02.08"]
[EventType "swiss"]
[EventCountry "GER"]
[SourceTitle "playchess.com"]
[Source "ChessBase"]
[SourceQuality "1"]
[TimeControl "1500+30"]

1. e4 e5 2. Bc4 b5 3. Bd5 c6 4. Bb3 a5 5. c3 f6 (5... a4 $11 {keeps the balance.} 6. Bc2 d5) 6. d4 exd4 7. g3 (7. cxd4 $16 {a4 is the strong threat.} a4 8. Bc2) 7... g6 (7... a4 $11 {remains equal.} 8. Bc2 dxc3) 8. e5 $2 {[%emt 0:05:14] White is more active.} (8. Qxd4 $6 a4 9. Bd1 Na6 $11) (8. cxd4 $16 {stays on course.} a4 9. Bc2) 8... fxe5 $17 {[%emt 0:00:00] ...dxc3 would now be deadly.} 9. Bd5 $2 h5 $2 (9... cxd5 $19 {has better winning chances.} 10. cxd4 Bg7 11. dxe5 Ne7) 10. Be4 Ra7 $2 {[%emt 0:02:18][%mdl 8192] [#]} (10... Qf6 $17 {aiming for ...d5.} 11. cxd4 d5 (11... exd4 12. Bg2 $17)) 11. Bg5 $4 {[%emt 0:01:09][%mdl 8192] [#]} h4 $4 12. b3 $4 (12. Bxg6# {was the only winning move.}) 12... Be7 $2 (12... Qxg5 $19 13. Nf3 Qf6 14. cxd4 Bb4+ 15. Nbd2 exd4) 13. c4 $2 bxc4 {[%emt 0:00:00][%mdl 32768] Weighted Error Value: White=2.44/Black=2.06.  Loses game:     	White=1     	Black=1      Missed win:     	White=2     	Black=2      Mistake:       	White=2     	Black=1      OK:         	---       	Black=1      Best:        	---       	Black=1     . Loss on time!?} 1-0

[Event "5th Schach960-Festival 2024"]
[Site "Berlin"]
[Date "2024.02.11"]
[Round "7.1"]
[White "Azarov, Sergei"]
[Black "Fromm, Marius"]
[Result "1-0"]
[WhiteElo "2596"]
[BlackElo "2435"]
[Annotator "TA"]
[PlyCount "17"]
[EventDate "2024.02.08"]
[EventType "swiss"]
[EventCountry "GER"]
[SourceTitle "playchess.com"]
[Source "ChessBase"]
[SourceQuality "1"]
[TimeControl "1500+30"]

1. e4 e5 2. b3 Nf6 3. Qh5 Be7 4. c3 Bf8 5. h3 a5 $2 {[%emt 0:01:18] [#]} ({Inferior is} 5... Nxe4 6. Qxe5+ Qe7 7. Nf3 $11) (5... Nxh5 $19 6. d3 d5) 6. a4 $2 d6 $2 ({Stronger than} 6... Nxe4 7. Qxe5+ Qe7 8. Qxe7+ Bxe7 9. d3 $11) (6... Nxh5 $19 7. Nf3 Qf6) 7. b4 $2 d5 $2 (7... Nxh5 $19 {is more deadly.} 8. b5 d5) 8. h4 $2 (8. Qxe5+ $17 Be7 9. exd5) 8... d4 $2 (8... Nxh5 $19 9. d4 exd4 (9... dxe4 $2 10. Bb5+ Nd7 11. d5 $19)) 9. g3 $2 {[%emt 0:00:00][%mdl 40960] White did not feel at home in the position after the opening.   Weighted Error Value: White=4.00/Black=4.00.  Loses game:     	White=3     	---       . Loss on time!?} 1-0

[Event "5th Schach960-Festival 2024"]
[Site "Berlin"]
[Date "2024.02.11"]
[Round "7.2"]
[White "Trent, Lawrence"]
[Black "Fedorchuk, Sergey A."]
[Result "1/2-1/2"]
[WhiteElo "2406"]
[BlackElo "2550"]
[Annotator "TA"]
[PlyCount "15"]
[EventDate "2024.02.08"]
[EventType "swiss"]
[EventCountry "GER"]
[SourceTitle "playchess.com"]
[Source "ChessBase"]
[SourceQuality "1"]
[TimeControl "1500+30"]

1. b4 b5 2. e3 e6 3. Bb2 a5 4. a3 Be7 5. Bc3 axb4 $2 (5... Nf6 $11 {and Black is okay.}) 6. axb4 $2 (6. Bxg7 $18 Bf6 7. Bxh8 Bxh8 8. c3) 6... Bf6 $2 {[%emt 0:01:02][%mdl 8192] [#]} 7. Be2 $2 Bb7 (7... Rxa1 $17 8. Bxa1 Bxa1) 8. Rxa8 {[%emt 0:00:00] Weighted Error Value: White=2.98/Black=2.30.  Loses game:     	---       	Black=1      Missed win:     	White=1     	---        Mistake:       	---       	Black=1      OK:         	White=1     	---} 1/2-1/2

[Event "5th Schach960-Festival 2024"]
[Site "Berlin"]
[Date "2024.02.11"]
[Round "7.5"]
[White "Kunin, Vitaly"]
[Black "Paulsen, Dirk"]
[Result "1-0"]
[ECO "A06"]
[WhiteElo "2521"]
[BlackElo "2293"]
[Annotator "TA"]
[PlyCount "22"]
[EventDate "2024.02.08"]
[EventType "swiss"]
[EventCountry "GER"]
[SourceTitle "playchess.com"]
[Source "ChessBase"]
[SourceQuality "1"]
[TimeControl "1500+30"]

1. Nf3 d5 2. b3 c5 3. e3 b6 4. Be2 e6 5. a4 Ba6 (5... Bd6 $11) 6. O-O (6. Bb5+ {simplifies} Bxb5 7. axb5 Bd6 8. O-O) 6... Bxe2 {[%emt 0:00:00] [#]} 7. d4 $2 c4 $2 {[%emt 0:02:08] [#]} ({Better is} 7... Bxd1 $19 8. Rxd1 Nc6) 8. Ba3 $2 Be7 $2 {[%emt 0:00:01] [#]} (8... Bxd1 $19 9. Rxd1 cxb3 10. cxb3 Bxa3 11. Rxa3 Nc6) 9. Ne5 Qc8 $2 {[%emt 0:07:26] [#]} ({Black should try} 9... Bxd1 $19 10. Rxd1 f6) 10. bxc4 $2 Qxc4 $2 (10... Bxd1 11. Rxd1 f6 (11... dxc4 $2 12. Nd2 $19) 12. Bxe7 Nxe7) 11. e4 $2 {[%emt 0:00:08] [#]} (11. Qd2 Qa6 (11... Qxa4 $2 {is the wrong capture.} 12. Qxe2 Qa5 13. c4 $18) 12. Rc1) 11... dxe4 $2 {[%emt 0:01:27][%mdl 32768] Black took control after the opening.   Weighted Error Value: White=3.50/Black=2.77.  Loses game:     	White=4     	---        Missed win:     	---       	Black=1      Mistake:       	White=1     	---        OK:         	---       	Black=1     . Loss on time!?} 1-0

[Event "5th Schach960-Festival 2024"]
[Site "Berlin"]
[Date "2024.02.11"]
[Round "7.6"]
[White "Glek, Igor"]
[Black "Van den Doel, Erik"]
[Result "1-0"]
[WhiteElo "2423"]
[BlackElo "2551"]
[Annotator "TA"]
[PlyCount "12"]
[EventDate "2024.02.08"]
[EventType "swiss"]
[EventCountry "GER"]
[SourceTitle "playchess.com"]
[Source "ChessBase"]
[SourceQuality "1"]
[TimeControl "1500+30"]

1. c4 c5 2. Nf3 Nf6 3. b3 b5 4. b4 Nd5 $2 {[%emt 0:07:40][%mdl 8192] [#]} 5. Qb3 $2 (5. bxc5 bxc4 6. e4 Nf6 $16) ({Weaker is} 5. cxb5 cxb4 6. a3 e6 $14) (5. cxd5 $18 cxb4 6. e4) 5... Nf4 $2 ({Of course not} 5... Nxb4 $6 6. cxb5 a6 7. Bb2 $11) (5... bxc4 $17 {and life is bright.} 6. Qxc4 Nxb4 7. Qxc5 N8a6) 6. h4 (6. d4 $18) 6... Nd3+ $2 {[%emt 0:04:02][%mdl 8192] Weighted Error Value: White=2.66/Black=3.45.  Loses game:     	---       	Black=2      Mistake:       	White=1     	---} 1-0

[Event "5th Schach960-Festival 2024"]
[Site "Berlin"]
[Date "2024.02.11"]
[Round "7.7"]
[White "Stopa, Jacek"]
[Black "Shchekachev, Andrei"]
[Result "1-0"]
[ECO "A00"]
[WhiteElo "2344"]
[BlackElo "2506"]
[Annotator "TA"]
[PlyCount "20"]
[EventDate "2024.02.08"]
[EventType "swiss"]
[EventCountry "GER"]
[SourceTitle "playchess.com"]
[Source "ChessBase"]
[SourceQuality "1"]
[TimeControl "1500+30"]

1. b4 e6 2. Bb2 Nf6 3. e4 b6 4. d3 d6 5. e5 {[%emt 0:02:37] [#]} c5 $2 6. b5 $2 {[%emt 0:01:16] [#]} (6. exf6 $18 g6 7. Be2) 6... Qc7 $2 7. g3 $2 {[%emt 0:04:18] [#]} ({White must play} 7. exf6 $18 g6 8. Be2) 7... g5 8. f4 $2 (8. exd6 $18 Qb7 9. Nf3 (9. Bxf6 Qxh1 10. Bxh8 Bb7 $18)) 8... gxf4 $2 9. gxf4 $2 {[%emt 0:07:54] [#]} (9. exf6 $18 {Strongly threatening Bg2.} Bb7 10. Nf3) 9... Ng4 $2 10. Bh3 $2 ({Resist} 10. Qxg4 d5 11. c4 h5 $18) (10. exd6 $18 {has better winning chances.} Bxd6 11. Qxg4 (11. Bxh8 Ne3 $18)) 10... a5 $2 {[%emt 0:00:00][%mdl 8192] Weighted Error Value: White=3.05/Black=3.24.  Loses game:     	---       	Black=5      Missed win:     	White=4     	---} 1-0

[Event "5th Schach960-Festival 2024"]
[Site "Berlin"]
[Date "2024.02.11"]
[Round "7.8"]
[White "Zatonskih, Anna"]
[Black "Chatalbashev, Boris"]
[Result "1-0"]
[ECO "A40"]
[WhiteElo "2347"]
[BlackElo "2457"]
[Annotator "TA"]
[PlyCount "23"]
[EventDate "2024.02.08"]
[EventType "swiss"]
[EventCountry "GER"]
[SourceTitle "playchess.com"]
[Source "ChessBase"]
[SourceQuality "1"]
[TimeControl "1500+30"]

1. d4 b5 2. f3 h5 3. e4 h4 4. Ne2 d6 5. Be3 h3 6. g3 b4 ({Black should try} 6... Nf6) 7. Nf4 e5 8. dxe5 {[%emt 0:00:47] White is clearly better.} dxe5 {[%emt 0:00:21] [#]} 9. Ng6 $2 {[%emt 0:04:48][%mdl 8192] This costs White the game.} fxg6 10. Ba6 $2 (10. Bb5+ c6 11. Bd3) 10... Qxd1+ $19 11. Kf2 g5 12. c4 {[%emt 0:00:00][%mdl 32768] Weighted Error Value: White=2.35/Black=0.87.  Loses game:     	White=1     	---        Mistake:       	White=1     	Black=1      Inaccurate:     	White=1     	---        OK:         	White=1     	Black=1     . Loss on time!?} 1-0